| TOP OF THE 1ST |
|
Great Falls Voyagers batting - Pitching for Cleveland (APP) Indians : LHP David Ayala
|
|
Pitching: LHP David Ayala
|
|
|
Batting: RHB Andy Cotton
|
0-0: Ball 1-0: Called Strike 1-1: Foul Ball, location: 2F 1-2: Strikes out swinging
|
|
Batting: RHB Mitch Cuadros
|
0-0: Called Strike 0-1: Foul Ball, location: 2F 0-2: Ball 1-2: Ball 2-2: Ball 3-2: Foul Ball, location: 2F 3-2: Base on Balls
|
|
Batting: RHB Russ Cornett
|
0-0: Called Strike 0-1: Ball 1-1: Ball 2-1: Ball 3-1: Foul Ball, location: 2F 3-2: SINGLE (Groundball, 56, EV 105.6 MPH) (infield hit) Mitch Cuadros to second
|
|
Batting: RHB Billy Grubbs
|
0-0: Ball 1-0: Swinging Strike 1-1: Swinging Strike 1-2: Strikes out swinging
|
|
Batting: RHB Jake Feinstein
|
0-0: Foul Ball, location: 2F 0-1: Ball 1-1: Swinging Strike 1-2: Ball 2-2: Strikes out swinging
|
| Top of the 1st over - 0 runs, 1 hit, 0 errors, 2 left on base; Great Falls 0 - Cleveland (APP) 0 |
| BOTTOM OF THE 1ST |
|
Cleveland (APP) Indians batting - Pitching for Great Falls Voyagers : RHP Mark Fedor
|
|
Pitching: RHP Mark Fedor
|
|
|
Batting: RHB Quan Tai
|
0-0: Foul Ball, location: 2F 0-1: SINGLE (Groundball, 5S, EV 74.4 MPH) (infield hit)
|
|
Batting: RHB Makoto Narita
|
0-0: Foul Ball, location: 2F 0-1: Ball Quan Tai is caught stealing 2nd base 2-4 1-1: Called Strike 1-2: Ball 2-2: Foul Ball, location: 2F 2-2: Ball 3-2: Ground out 4-3 (Groundball, 34, EV 88.8 MPH)
|
|
Batting: RHB Kevin Trull
|
0-0: Ball 1-0: Fly out, F8 (Flyball, 8RS, EV 90.6 MPH)
|
| Bottom of the 1st over - 0 runs, 1 hit, 0 errors, 0 left on base; Great Falls 0 - Cleveland (APP) 0 |
| TOP OF THE 2ND |
|
Great Falls Voyagers batting - Pitching for Cleveland (APP) Indians : LHP David Ayala
|
|
Batting: RHB Francisco Marin
|
0-0: Ball 1-0: Foul Ball, location: 2F 1-1: Fly out, F8 (Flyball, 8LS, EV 95.0 MPH)
|
|
Batting: RHB Enrique Gomez
|
0-0: Called Strike 0-1: Foul Ball, location: 2F 0-2: Strikes out swinging
|
|
Batting: RHB David Cortez
|
0-0: Called Strike 0-1: Ground out 4-3 (Groundball, 4MS, EV 66.9 MPH)
|
| Top of the 2nd over - 0 runs, 0 hits, 0 errors, 0 left on base; Great Falls 0 - Cleveland (APP) 0 |
| BOTTOM OF THE 2ND |
|
Cleveland (APP) Indians batting - Pitching for Great Falls Voyagers : RHP Mark Fedor
|
|
Batting: SHB Jack Tierney
|
0-0: Ball 1-0: Hit by Pitch
|
|
Batting: SHB Jay Rook
|
0-0: Called Strike 0-1: Swinging Strike 0-2: Strikes out swinging
|
|
Batting: RHB Xavier Bartolani
|
0-0: Ball Jack Tierney is caught stealing 2nd base 2-4 1-0: Called Strike 1-1: Fly out, F7 (Flyball, 7, EV 87.5 MPH)
|
| Bottom of the 2nd over - 0 runs, 0 hits, 0 errors, 0 left on base; Great Falls 0 - Cleveland (APP) 0 |
| TOP OF THE 3RD |
|
Great Falls Voyagers batting - Pitching for Cleveland (APP) Indians : LHP David Ayala
|
|
Batting: RHB Dave Dominguez
|
0-0: Ball 1-0: Called Strike 1-1: Ball 2-1: Foul Ball, location: 2F 2-2: Foul Ball, location: 2F 2-2: Ground out 4-3 (Groundball, 4D, EV 101.2 MPH)
|
|
Batting: RHB Andy Cotton
|
0-0: Ball 1-0: Ball 2-0: Foul Ball, location: 2F 2-1: Swinging Strike 2-2: Ball 3-2: Foul Ball, location: 2F 3-2: Ground out 3-1 (Groundball, 34S, EV 83.1 MPH)
|
|
Batting: RHB Mitch Cuadros
|
0-0: Foul Ball, location: 2F 0-1: Ball 1-1: Foul Ball, location: 2F 1-2: Ball 2-2: Ground out 5-3 (Groundball, 56, EV 101.2 MPH)
|
| Top of the 3rd over - 0 runs, 0 hits, 0 errors, 0 left on base; Great Falls 0 - Cleveland (APP) 0 |
| BOTTOM OF THE 3RD |
|
Cleveland (APP) Indians batting - Pitching for Great Falls Voyagers : RHP Mark Fedor
|
|
Batting: RHB Cruz Castro
|
0-0: Ball 1-0: Foul Ball, location: 2F 1-1: Ball 2-1: SINGLE (Groundball, 34D, EV 101.2 MPH)
|
|
Batting: SHB Bob Ledlow
|
0-0: Called Strike 0-1: Foul Ball, location: 2F 0-2: Ball 1-2: Foul Ball, location: 2F 1-2: Foul Ball, location: 2F 1-2: Foul Ball, location: 2F 1-2: Strikes out looking
|
|
Batting: RHB Russ Kennett
|
0-0: Ball 1-0: Ball 2-0: Called Strike 2-1: Fly out, F7 (Line Drive, 7, EV 92.5 MPH)
|
|
Batting: RHB Quan Tai
|
0-0: Ball 1-0: Called Strike 1-1: Called Strike Cruz Castro is caught stealing 2nd base 2-4
|
| Bottom of the 3rd over - 0 runs, 1 hit, 0 errors, 0 left on base; Great Falls 0 - Cleveland (APP) 0 |
| TOP OF THE 4TH |
|
Great Falls Voyagers batting - Pitching for Cleveland (APP) Indians : LHP David Ayala
|
|
Batting: RHB Russ Cornett
|
0-0: Ball 1-0: Called Strike 1-1: Swinging Strike 1-2: Strikes out looking
|
|
Batting: RHB Billy Grubbs
|
0-0: Foul Ball, location: 2F 0-1: Foul Ball, location: 2F 0-2: Strikes out swinging
|
|
Batting: RHB Jake Feinstein
|
0-0: SINGLE (Groundball, 4MD, EV 108.8 MPH)
|
|
Batting: RHB Francisco Marin
|
Pickoff Throw to First - Out! 1-3 CS
|
| Top of the 4th over - 0 runs, 1 hit, 0 errors, 0 left on base; Great Falls 0 - Cleveland (APP) 0 |
| BOTTOM OF THE 4TH |
|
Cleveland (APP) Indians batting - Pitching for Great Falls Voyagers : RHP Mark Fedor
|
|
Batting: RHB Quan Tai
|
0-0: Ball 1-0: Called Strike 1-1: Foul Ball, location: 2F 1-2: Ball 2-2: Ball 3-2: Foul Ball, location: 2F 3-2: Foul Ball, location: 2F 3-2: Foul Ball, location: 2F 3-2: Base on Balls
|
|
Batting: RHB Makoto Narita
|
0-0: Ball 1-0: Ball Quan Tai steals 2nd base 2-0: Called Strike 2-1: Ball 3-1: Called Strike 3-2: SINGLE (Groundball, P, EV 92.5 MPH) (infield hit) Quan Tai to third
|
|
Batting: RHB Kevin Trull
|
0-0: SINGLE (Line Drive, 8LS, EV 94.4 MPH) Quan Tai scores Makoto Narita to second
|
|
Batting: SHB Jack Tierney
|
0-0: Ball 1-0: Fielders Choice at 2nd, 6-4 (Groundball, 6, EV 108.1 MPH) Makoto Narita to third
|
|
Batting: SHB Jay Rook
|
0-0: Called Strike 0-1: Foul Ball, location: 2F 0-2: Ball 1-2: Foul Ball, location: 2F 1-2: Fielders Choice at 2nd, 1-6 (Groundball, 13S, EV 75.0 MPH)
|
|
Batting: RHB Xavier Bartolani
|
0-0: Ball 1-0: Fly out, F7 (Flyball, 78M, EV 83.8 MPH)
|
| Bottom of the 4th over - 1 run, 2 hits, 0 errors, 2 left on base; Great Falls 0 - Cleveland (APP) 1 |
| TOP OF THE 5TH |
|
Great Falls Voyagers batting - Pitching for Cleveland (APP) Indians : LHP David Ayala
|
|
Batting: RHB Francisco Marin
|
0-0: Foul Ball, location: 2F 0-1: Hit by Pitch
|
|
Batting: RHB Enrique Gomez
|
0-0: Foul Ball, location: 2F 0-1: Fly out, F8 (Flyball, 8RS, EV 88.1 MPH)
|
|
Batting: RHB David Cortez
|
0-0: Ball 1-0: Called Strike 1-1: Called Strike 1-2: Foul Ball, location: 2F 1-2: Fielders Choice at 2nd, 4-6 (Groundball, 4, EV 85.0 MPH)
|
|
Batting: RHB Dave Dominguez
|
0-0: Foul Ball, location: 2F 0-1: Called Strike 0-2: Foul Ball, location: 2F 0-2: Strikes out looking
|
| Top of the 5th over - 0 runs, 0 hits, 0 errors, 1 left on base; Great Falls 0 - Cleveland (APP) 1 |
| BOTTOM OF THE 5TH |
|
Cleveland (APP) Indians batting - Pitching for Great Falls Voyagers : RHP Mark Fedor
|
|
Batting: RHB Cruz Castro
|
0-0: Ground out 6-3 (Groundball, P, EV 87.5 MPH)
|
|
Batting: SHB Bob Ledlow
|
0-0: Ball 1-0: Foul Ball, location: 2F 1-1: Called Strike 1-2: Strikes out swinging
|
|
Batting: RHB Russ Kennett
|
0-0: Foul Ball, location: 2F 0-1: Swinging Strike 0-2: Ground out 5-3 (Groundball, 56, EV 81.2 MPH)
|
| Bottom of the 5th over - 0 runs, 0 hits, 0 errors, 0 left on base; Great Falls 0 - Cleveland (APP) 1 |
| TOP OF THE 6TH |
|
Great Falls Voyagers batting - Pitching for Cleveland (APP) Indians : LHP David Ayala
|
|
Batting: RHB Andy Cotton
|
0-0: Ball 1-0: Ball 2-0: Ball 3-0: Base on Balls
|
|
Batting: RHB Mitch Cuadros
|
0-0: Ball 1-0: Ball 2-0: Foul Ball, location: 2F 2-1: Ball 3-1: Foul Ball, location: 2F 3-2: Base on Balls Andy Cotton to second
|
|
Pitching: RHP Conrado Cristina
|
|
|
Batting: RHB Russ Cornett
|
0-0: Ball 1-0: Ball 2-0: Called Strike 2-1: Ball 3-1: Foul Ball, location: 2F 3-2: Base on Balls Andy Cotton to third Mitch Cuadros to second
|
|
Pitching: RHP Warren Waldman
|
|
|
Batting: RHB Billy Grubbs
|
0-0: Reached on error, E6 (Groundball, 6, EV 98.1 MPH) Andy Cotton scores Mitch Cuadros to third Russ Cornett to second
|
|
Batting: RHB Jake Feinstein
|
0-0: Foul Ball, location: 2F 0-1: Grounds into double play, 4-2-3 (Groundball, 4, EV 83.8 MPH) Russ Cornett to third Billy Grubbs to second
|
|
Batting: RHB Francisco Marin
|
0-0: Ground out 6-3 (Groundball, 6, EV 97.5 MPH)
|
| Top of the 6th over - 1 run, 0 hits, 1 error, 2 left on base; Great Falls 1 - Cleveland (APP) 1 |
| BOTTOM OF THE 6TH |
|
Cleveland (APP) Indians batting - Pitching for Great Falls Voyagers : RHP Mark Fedor
|
|
Batting: RHB Quan Tai
|
0-0: Bunt for hit to 25 - play at first, batter OUT! 5-3
|
|
Batting: RHB Makoto Narita
|
0-0: Ball 1-0: Ball 2-0: Foul Ball, location: 2F 2-1: Ground out 6-3 (Groundball, 56D, EV 88.1 MPH)
|
|
Batting: RHB Kevin Trull
|
0-0: Ball 1-0: SINGLE (Groundball, 56D, EV 99.4 MPH)
|
|
Batting: SHB Jack Tierney
|
0-0: Foul Ball, location: 2F 0-1: Foul Ball, location: 2F 0-2: SINGLE (Groundball, 6MD, EV 95.6 MPH) Kevin Trull to second Runner from 2nd tries for 3rd, SAFE, throw by CF made to third
|
|
Batting: SHB Jay Rook
|
0-0: Ball 1-0: Foul Ball, location: 2F 1-1: Ball Jack Tierney steals 2nd base 2-1: Ball 3-1: Base on Balls
|
|
Batting: RHB Xavier Bartolani
|
0-0: Called Strike 0-1: Ground out U3 (Groundball, 34S, EV 81.9 MPH)
|
| Bottom of the 6th over - 0 runs, 2 hits, 0 errors, 3 left on base; Great Falls 1 - Cleveland (APP) 1 |
| TOP OF THE 7TH |
|
Great Falls Voyagers batting - Pitching for Cleveland (APP) Indians : RHP Warren Waldman
|
|
Batting: RHB Enrique Gomez
|
0-0: Called Strike 0-1: Ball 1-1: Swinging Strike 1-2: Ball 2-2: Strikes out swinging, 2-3 out at first.
|
|
Batting: RHB David Cortez
|
0-0: Ball 1-0: Called Strike 1-1: Ground out 4-3 (Groundball, 4, EV 80.6 MPH)
|
|
Batting: RHB Dave Dominguez
|
0-0: Swinging Strike 0-1: Ball 1-1: Ball 2-1: Ball 3-1: Ground out 5-3 (Groundball, 56, EV 102.5 MPH)
|
| Top of the 7th over - 0 runs, 0 hits, 0 errors, 0 left on base; Great Falls 1 - Cleveland (APP) 1 |
| BOTTOM OF THE 7TH |
|
Cleveland (APP) Indians batting - Pitching for Great Falls Voyagers : RHP Mark Fedor
|
|
Batting: RHB Cruz Castro
|
0-0: Ball 1-0: Called Strike 1-1: Fly out, F8 (Flyball, 8RD, EV 98.1 MPH)
|
|
Batting: SHB Bob Ledlow
|
0-0: Called Strike 0-1: Called Strike 0-2: Foul Ball, location: 2F 0-2: Ball 1-2: Strikes out swinging
|
|
Batting: RHB Russ Kennett
|
0-0: Swinging Strike 0-1: Swinging Strike 0-2: Ball 1-2: Ground out 6-3 (Groundball, 6, EV 103.8 MPH)
|
| Bottom of the 7th over - 0 runs, 0 hits, 0 errors, 0 left on base; Great Falls 1 - Cleveland (APP) 1 |
| TOP OF THE 8TH |
|
Great Falls Voyagers batting - Pitching for Cleveland (APP) Indians : RHP Warren Waldman
|
|
Batting: RHB Andy Cotton
|
0-0: Ball 1-0: SINGLE (Line Drive, 4MD, EV 104.4 MPH)
|
|
Batting: RHB Mitch Cuadros
|
0-0: Ball Andy Cotton steals 2nd base 1-0: Ground out 6-3 (Groundball, 6, EV 102.5 MPH)
|
|
Batting: RHB Russ Cornett
|
0-0: Called Strike 0-1: Ball 1-1: Foul Ball, location: 2F 1-2: Foul Ball, location: 2F 1-2: Strikes out looking
|
|
Batting: RHB Billy Grubbs
|
0-0: Ball 1-0: SINGLE (Groundball, 6D, EV 103.1 MPH) Andy Cotton to third Runner from 3rd tries for Home, SAFE, throw by LF to home
|
|
Batting: RHB Jake Feinstein
|
0-0: Called Strike 0-1: Ball 1-1: Called Strike 1-2: Strikes out swinging
|
| Top of the 8th over - 1 run, 2 hits, 0 errors, 1 left on base; Great Falls 2 - Cleveland (APP) 1 |
| BOTTOM OF THE 8TH |
|
Cleveland (APP) Indians batting - Pitching for Great Falls Voyagers : RHP Mark Fedor
|
|
Pitching: RHP Mike Brungardt
|
|
|
Batting: RHB Quan Tai
|
0-0: Called Strike 0-1: Reached on error, E6 (Groundball, 56D, EV 85.6 MPH)
|
|
Pinch Hitting: LHB Mario Garza
|
0-0: Ball 1-0: Foul Ball, location: 2F 1-1: Ground out 4-3 (Groundball, 4, EV 108.8 MPH) Quan Tai to third
|
|
Batting: RHB Kevin Trull
|
0-0: 2-RUN HOME RUN (Flyball, 78XD, EV 99.4 MPH), Distance : 400 ft
|
|
Batting: SHB Jack Tierney
|
0-0: Ball 1-0: Ground out U3 (Groundball, 3, EV 88.1 MPH)
|
|
Batting: SHB Jay Rook
|
0-0: Called Strike 0-1: Called Strike 0-2: Ground out 4-3 (Groundball, 34, EV 91.9 MPH)
|
| Bottom of the 8th over - 2 runs, 1 hit, 1 error, 0 left on base; Great Falls 2 - Cleveland (APP) 3 |
| TOP OF THE 9TH |
|
Great Falls Voyagers batting - Pitching for Cleveland (APP) Indians : RHP Warren Waldman
|
|
Pitching: RHP Chris Gomez
|
|
|
Now at 1B: Luis de Leon
|
|
|
Now at 3B: Luke Burnham
|
|
|
Now at SS: Jose Rodriguez
|
|
|
Batting: RHB Francisco Marin
|
0-0: Called Strike 0-1: Ball 1-1: Ball 2-1: Ball 3-1: Base on Balls
|
|
Pinch Hitting: RHB Brad Adams Jr.
|
0-0: SINGLE (Groundball, 34, EV 95.6 MPH) Francisco Marin to second Runner from 2nd tries for 3rd, SAFE, throw by RF made to third
|
|
Pinch Hitting: RHB Joselito Santos
|
0-0: Called Strike 0-1: Foul Ball, location: 2F 0-2: Ball 1-2: SINGLE (Groundball, 34S, EV 78.1 MPH) (infield hit) Francisco Marin scores Brad Adams Jr. to second
|
|
Batting: RHB Dave Dominguez
|
0-0: Bunt missed! 0-1: Bunt missed! 0-2: Foul Ball, location: 2F 0-2: Fly out, F8 (Line Drive, 78M, EV 107.5 MPH)
|
|
Batting: RHB Andy Cotton
|
0-0: Called Strike 0-1: Foul Ball, location: 2F 0-2: Foul Ball, location: 2F 0-2: Ball 1-2: Ball 2-2: Foul Ball, location: 2F Balk! Brad Adams Jr. to third Joselito Santos to second 2-2: Foul Ball, location: 2F 2-2: Fly out, F7 (Line Drive, 78M, EV 93.1 MPH)
|
|
Batting: RHB Mitch Cuadros
|
0-0: Foul Ball, location: 2F 0-1: Ball 1-1: Ball 2-1: Ground out 5-3 (Groundball, 5D, EV 101.9 MPH)
|
| Top of the 9th over - 1 run, 2 hits, 0 errors, 2 left on base; Great Falls 3 - Cleveland (APP) 3 |
| BOTTOM OF THE 9TH |
|
Cleveland (APP) Indians batting - Pitching for Great Falls Voyagers : RHP Mike Brungardt
|
|
Now at C: Joselito Santos
|
|
|
Now at SS: Brad Adams Jr.
|
|
|
Now in CF: Andy Cotton
|
|
|
Pinch Hitting: LHB Justin Eargle
|
0-0: Ball 1-0: Ball 2-0: Ball 3-0: Called Strike 3-1: Called Strike 3-2: Foul Ball, location: 2F 3-2: Fly out, F7 (Flyball, 78M, EV 88.8 MPH)
|
|
Batting: RHB Cruz Castro
|
0-0: Swinging Strike 0-1: Called Strike 0-2: Foul Ball, location: 2F 0-2: SINGLE (Line Drive, 4M, EV 105.0 MPH)
|
|
Pinch Hitting: LHB Mesfin Azagba
|
0-0: Called Strike Cruz Castro steals 2nd, throwing error, E2 Cruz Castro to third 0-1: Called Strike 0-2: Ball 1-2: SINGLE (Groundball, 4, EV 105.0 MPH) (infield hit) Cruz Castro scores
|
| Bottom of the 9th over - 1 run, 2 hits, 1 error, 1 left on base; Great Falls 3 - Cleveland (APP) 4 |
|